 Dungeon Crawl Stone Soup version 0.18-a0-1764-gf4ddf0b (webtiles) character file.

241 4thArraOfDagon the Chopper (level 5, 0/38 HPs)
             Began as a Mummy Warper on Apr 13, 2016.
             Was an Initiate of Gozag.
             Slain by a gnoll
             ... wielding a +0 flail
              (9 damage)
             ... on level 2 of the Dungeon.
             The game lasted 00:08:36 (2316 turns).

4thArraOfDagon the Chopper (Mummy Warper)           Turns: 2316, Time: 00:08:36

Health: 0/38       AC:  6    Str: 19    XL:     5   Next: 80%
Magic:  8/8        EV: 16    Int: 19    God:    Gozag
Gold:   405        SH:  4    Dex: 16    Spells: 2 memorised, 5 levels left

rFire  + . .     SeeInvis .     d - +2 hand axe (flame)
rCold  + + .     Gourm    .     g - +1 ring mail {rF+}
rNeg   + + +     Faith    .     (no shield)
rPois  ∞         Spirit   .     (no helmet)
rElec  +         Dismiss  .     (no cloak)
rCorr  +         Reflect  +     (no gloves)
SustAt .         Harm     .     (no boots)
MR     .....                    i - +4 amulet of reflection
Stlth  ++........               (no ring)
                                (no ring)

@: mighty, brilliant, agile, resistant, hasted, very quick, not resistant to
hostile enchantments, unstealthy
A: no food or potions, fire vulnerability, cold resistance 1, negative energy
resistance 3, torment resistance, unbreathing
a: Potion Petition, Call Merchant, Bribe Branch, Renounce Religion


You were on level 2 of the Dungeon.
You worshipped Gozag.
Gozag was noncommittal.
You were not hungry.

You visited 1 branch of the dungeon, and saw 4 of its levels.

You collected 421 gold pieces.
You paid 16 gold pieces to Gozag.

Inventory:

Hand Weapons
 a - a +0 hand axe
 d - a +2 hand axe of flaming (weapon)
Missiles
 e - 4 tomahawks of dispersal (quivered)
Armour
 g - a +1 ring mail of fire resistance (worn)
Jewellery
 i - a +4 amulet of reflection (around neck)
Scrolls
 b - a scroll of fear
 f - 2 scrolls of identify
 h - a scroll of immolation
 k - a scroll of teleportation {unknown}
Books
 c - a book of Spatial Translocations

   Spells                             Type                      Level
   a - Apportation                    Translocation                1
   b - Blink                          Translocation                2
   c - Shroud of Golubria             Charms/Translocation         2
   d - Portal Projectile              Translocation                3
   e - Teleport Other                 Translocation                3
   f - Passage of Golubria            Translocation                4
Miscellaneous
 j - a plain deck of summoning


   Skills:
 - Level 2.0 Fighting
 * Level 4.3 Axes
 - Level 0.7 Throwing
 + Level 2.6 Armour
 - Level 1.5 Dodging
 - Level 2.0 Spellcasting
 - Level 2.4 Translocations


You had 5 spell levels left.
You knew the following spells:

 Your Spells              Type           Power        Failure   Level  Hunger
a - Apportation           Tloc           ###.......   1%          1    N/A
b - Blink                 Tloc           N/A          2%          2    N/A

Dungeon Overview and Level Annotations

Branches:
Dungeon (4/15)
 Temple: D:4-7

Altars:
Fedhas
Gozag
Nemelex Xobeh
The Shining One

Annotations:
D:3 Natasha; namelastname112's ghost, amateur DrAs


Innate Abilities, Weirdness & Mutations

You do not eat or drink.
Your flesh is vulnerable to fire.
You are immune to poison.
Your flesh is cold resistant.
You are immune to negative energy.
You are immune to unholy pain and torment.
You can survive without breathing.


Message History

Unknown command.
The orc hits you with a falchion. The orc hits you with a mace.
* * * LOW HITPOINT WARNING * * *
You climb upwards.
The gnoll shouts!
The gnoll barely misses you.
There is a stone staircase leading down here.
Unknown command.
Unknown command. [a] - 0 gold - haste and agility [b] - 0 gold - might, agility, brilliance, haste and resistance [c] - 0 gold - resistance, might and haste Purchase which effect?
You feel very mighty all of a sudden.
You feel agile all of a sudden.
You feel clever all of a sudden.
You feel yourself speed up.
You feel protected. The gnoll hits you with a flail!
You die...
Your body crumbles into a pile of gold.

######### g.......########
#######........############ ##
#######.............# .##
#..##########.# #.##
#..##########.#
#..##########..#@oog......#####
#..#...........#g#######..g...#
...............#g## ##.###g#
.....###.###(###g.##### #.# #.#
#..### #.# #..).......g.#.# #.#
.#.#####.# ######%#####.#.# #g#
%......#.# .# #.#.# #g#
##.###.#.# #.# ##.#.# #.# ##.#
#.#.# #.# #....# #.##


You could see 3 gnolls, 2 orcs and a goblin.

Vanquished Creatures
  A hound (D:4)
  A giant frog skeleton (D:4)
  Ijyb (D:3)
  A worker ant (D:4)
  A hound skeleton (D:4)
  4 adders
  4 worms (D:2)
  An orc (D:3)
  8 giant cockroaches
  5 goblins
  8 hobgoblins
  13 jackals
  5 kobolds
  3 quokkas
  5 bats
  3 giant newts
  7 rats
71 creatures vanquished.

Notes
Turn   | Place    | Note
--------------------------------------------------------------
     0 | D:1      | 4thArraOfDagon the Mummy Warper began the quest for the Orb.
     0 | D:1      | Reached XP level 1. HP: 16/16 MP: 3/3
    80 | D:2      | Found an opulent altar of Gozag.
    99 | D:2      | Reached skill level 2 in Axes
    99 | D:2      | Reached skill level 1 in Armour
   106 | D:2      | Reached XP level 2. HP: 14/22 MP: 5/5
   270 | D:2      | Became a worshipper of Gozag Ym Sagoz the Greedy
   663 | D:1      | Reached XP level 3. HP: 27/27 MP: 6/6
   830 | D:1      | Learned a level 2 spell: Blink
  1039 | D:2      | Reached skill level 3 in Axes
  1358 | D:2      | Reached XP level 4. HP: 23/33 MP: 7/7
  1455 | D:3      | Noticed Natasha
  1455 | D:3      | Noticed Ijyb
  1716 | D:3      | Killed Ijyb
  1719 | D:3      | Noticed namelastname112's ghost (amateur DrAs)
  1872 | D:4      | Reached XP level 5. HP: 23/38 MP: 8/8
  1889 | D:4      | Found a glowing golden altar of the Shining One.
  1913 | D:4      | Found a blossoming altar of Fedhas.
  1970 | D:4      | Noticed an ogre
  1986 | D:4      | Reached skill level 4 in Axes
  2044 | D:4      | Found a sparkling altar of Nemelex Xobeh.
  2316 | D:2      | Slain by a gnoll

Vault maps used:
D:1:      dpeg_arrival_central
D:2:      overflow_temple_1_default
D:3:      gup_sewer_entry_glass, supply_closet_lemuel, uniq_natasha, uniq_iyjb
D:4:      fedhas_altar_1, elyvilon_altar_3, kennysheep_mini_moat, first_bread,
          nemelex_deck

Skill      XL: |  1  2  3  4  5 |
---------------+----------------+-----
Axes           | 2 3 4 |  4.3
Armour         | 1 2 |  2.6
Fighting       | |  2.0
Throwing       | |  0.7
Dodging        | |  1.5
Spellcasting   | |  2.0
Translocations | |  2.4

Action                   |  1- 3 |  4- 6 || total
-------------------------+-------+-------++-------
Melee: Hand axe          |   214 |   183 ||   397
Throw: Tomahawk          |       |     1 ||     1
Invok: Potion Petition   |       |     1 ||     1
  Use: Scroll            |       |     3 ||     3
Armor: Ring mail         |    79 |   124 ||   203
       Leather armour    |     1 |       ||     1
Dodge: Dodged            |   134 |   151 ||   285
Block: Other             |     3 |    50 ||    53
       Reflected         |       |     1 ||     1
